 Dungeon Sprint DCSS version 0.22-a0-617-g6d95e9e (webtiles) character file.

2042 Kidiri the Covert (level 9, -7/45 (47) HPs)
             Began as a Spriggan Enchanter on July 13, 2018.
             Was a Follower of Dithmenos.
             Killed from afar by a death drake (12 damage)
             ... with a foul vapour
             ... in the Dungeon (Sprint II: "The Violet Keep of Menkaure").
             The game lasted 00:06:49 (835 turns).

Kidiri the Covert (Spriggan Enchanter)               Turns: 835, Time: 00:06:50

HP:   -7/45 (47)    AC:  2    Str:  7    XL:     9   Next: 4%
MP:   24/24         EV: 29    Int: 18    God:    Dithmenos [*.....]
Gold: 887           SH:  0    Dex: 18    Spells: 17/29 levels left

rFire    . . .     SeeInvis +   c - +8 rapier of Desperation {venom, rN+ MR+ Str+3}
rCold    . . .     Gourm    .   (shield restricted)
rNeg     + . .     Faith    .   b - +0 robe
rPois    .         Spirit   .   (helmet restricted)
rElec    .         Reflect  .   (no cloak)
rCorr    .         Harm     .   (gloves unavailable)
MR       ++...     NoTele   +   (boots unavailable)
Stlth    +++.......             (no amulet)
HPRegen  0.00/turn              (no ring)
MPRegen  0.19/turn              (no ring)

@: confused, lethally poisoned (-7 -> -47), non-regenerating, diseased, slowed,
wreathed by umbra, quick
A: very small, unfitting armour, see invisible, herbivore, speed 3, slow
metabolism 2
a: Renounce Religion


You were in the Dungeon.
You worshipped Dithmenos.
Dithmenos was aware of your devotion.
You were not hungry.

You visited 1 branch You collected 1067 gold pieces.
You spent 180 gold pieces at shops.

Inventory:

Hand Weapons
 a - a +1 dagger
 c - the +8 rapier of Desperation (weapon) {venom, rN+ MR+ Str+3}
   (You bought it in a shop in the Dungeon)

   It poisons the flesh of those it strikes.
   It affects your strength (+3).
   It protects you from negative energy.
   It affects your resistance to hostile enchantments.
Armour
 b - a +0 robe (worn)
Scrolls
 j - a scroll of blinking
Potions
 g - a potion of haste
 h - a potion of magic
Comestibles
 d - a ration


   Skills:
 + Level 5.1 Fighting
 * Level 9.6 Short Blades
 + Level 4.5 Armour
 * Level 12.4 Dodging
 * Level 13.7 Stealth
 * Level 10.7 Spellcasting
 + Level 8.3 Hexes


You had 17 spell levels left.
You knew the following spells:

 Your Spells              Type           Power        Failure   Level  Hunger
a - Corona                Hex            #####..      1%          1    None
b - Ensorcelled Hibernat  Hex/Ice        ###...       1%          2    None
c - Confuse               Hex            #####...     1%          3    None
d - Tukima's Dance        Hex            #####...     1%          3    None
e - Dazzling Spray        Conj/Hex       ###...       4%          3    None

Your spell library contained the following spells:

 Spells                   Type           Power        Failure   Level  Hunger


Dungeon Overview and Level Annotations

Branches:
Dungeon (1/1)

Altars:
Cheibriados
Dithmenos
Elyvilon
Fedhas
Gozag
Hepliaklqana
Kikubaaqudgha
Makhleb
Nemelex Xobeh
Okawaru
Qazlal
Ru
Sif Muna
Trog
Uskayaw
Vehumet
Wu Jian
Xom
Yredelemnul
Zin
The Shining One
Beogh
Jiyva
Lugonu

Shops:
D [:(?!=%=(!==:[}=

Annotations:
D exclusions: ice statue and oklob plant, Roxanne


Innate Abilities, Weirdness & Mutations

You are very small and have problems with some larger weapons.
You are too small for most types of armour.
You have supernaturally acute eyesight. (SInv)
You are a herbivore.
You cover ground extremely quickly.
You need to consume almost no food.


Message History

You are engulfed in noxious fumes.
You choke on the stench!
You are confused.
* * * LOW HITPOINT WARNING * * *
You feel sick.
The death drake is engulfed in a cloud of scalding steam.
The death drake completely misses you.
The swamp drake is engulfed in a cloud of scalding steam.
The death drake barely misses you.
You hit the death drake but do no damage.
The death drake is moderately wounded.
You are engulfed in noxious fumes.
You choke on the stench!
You are more confused.
* * * LOW HITPOINT WARNING * * *
x2 You feel sick.
The death drake bites you.
* * * LOW HITPOINT WARNING * * *
The death drake breathes miasma at you. The foul vapour engulfs you!
You are more poisoned.
You feel your flesh rotting away!
You feel ill.
You die... ≈≈≈.........# .. 8# ≈≈≈≈.##+##..# #. .# ≈≈≈≈##.#÷##.#### +.##. ≈≈≈≈#..#..# §§.# ...#### ≈≈####...####§§#####..##.# (?[($

≈##.###+###.##§§#$Y+..#†.#▓)!$?[)
≈###.##.###..#§§# #..#).#▓%$(?!!
≈+.##+.<.+.##+.§####§.##†#▓)?[%$!
≈#...##.###..#..@.###.^.##▓▓▓▓▓▓▓
≈##.###+###.##..kkk§≈≈≈≈≈≈≈≈≈≈≈≈≈
≈≈####.#.####§§....§§#+########+#
#≈≈≈#..#.†#≈≈≈≈≈≈≈..≈#_._.....#≈§
#+#≈##.#.##≈≈≈≈≈≈≈≈.≈#._._....#§§
#.#≈≈##+##≈≈≈§≈§§§§≈≈#_._._...#§§
####≈≈≈≈≈≈≈≈§§§≈§§§≈≈#._._._..#≈§
#+++#+++#≈≈§§≈≈§§§#_._._._.#≈≈
.≈≈§ ##§§§###§≈#._._._._#§t


You could see 2 death drakes and a swamp drake.

Vanquished Creatures
  A yaktaur (D)
  2 tyrant leeches (D)
  3 polar bears (D)
  A hornet (D)
  A blink frog (D)
  Menkaure (D)
  4 necrophages (D)
  4 worker ants (D)
  3 worms (D)
20 creatures vanquished.

Vanquished Creatures (others)
  A crocodile (D)
1 creature vanquished.

Grand Total: 21 creatures vanquished

Notes
Turn   | Place    | Note
-------+----------+-------------------------------------------
     0 | D        | Kidiri the Spriggan Enchanter began the quest for the Orb.
     0 | D        | Reached XP level 1. HP: 9/9 MP: 5/5
     1 | D        | Noticed a necrophage
     1 | D        | Noticed a necrophage
     1 | D        | Noticed a necrophage
     1 | D        | Noticed a necrophage
    14 | D        | Killed a necrophage
    14 | D        | Reached skill level 1 in Fighting
    14 | D        | Reached skill level 1 in Armour
    14 | D        | Reached skill level 5 in Dodging
    14 | D        | Reached skill level 7 in Stealth
    14 | D        | Reached skill level 5 in Spellcasting
    14 | D        | Reached XP level 2. HP: 11/14 MP: 3/9
    14 | D        | Reached XP level 3. HP: 13/17 MP: 3/10
    14 | D        | Reached XP level 4. HP: 17/22 MP: 3/12
    19 | D        | Killed a necrophage
    19 | D        | Reached skill level 5 in Short Blades
    19 | D        | Reached skill level 8 in Stealth
    19 | D        | Reached skill level 5 in Hexes
    19 | D        | Reached XP level 5. HP: 20/26 MP: 4/14
    27 | D        | Learned a level 2 spell: Ensorcelled Hibernation
    31 | D        | Learned a level 3 spell: Confuse
    35 | D        | Learned a level 3 spell: Tukima's Dance
    39 | D        | Learned a level 3 spell: Dazzling Spray
   172 | D        | Killed a necrophage
   172 | D        | Reached skill level 9 in Stealth
   178 | D        | Killed a necrophage
   178 | D        | Reached skill level 10 in Stealth
   178 | D        | Reached XP level 6. HP: 20/30 MP: 0/17
   420 | D        | Noticed a tyrant leech
   420 | D        | Noticed a tyrant leech
   442 | D        | Killed a tyrant leech
   442 | D        | Reached skill level 10 in Dodging
   442 | D        | Reached skill level 11 in Stealth
   442 | D        | Reached XP level 7. HP: 35/35 MP: 2/19
   451 | D        | Killed a tyrant leech
   554 | D        | Noticed an ice statue
   556 | D        | Noticed Menkaure
   558 | D        | Killed Menkaure
   577 | D        | Noticed Roxanne
   583 | D        | Found Xarphaho's Jewellery Emporium.
   584 | D        | Found Uvaebbod's Antique Armour Emporium.
   584 | D        | Found Agen's Book Shoppe.
   585 | D        | Noticed a blink frog
   587 | D        | Killed a blink frog
   587 | D        | Reached skill level 12 in Stealth
   587 | D        | Reached XP level 8. HP: 40/40 MP: 22/22
   591 | D        | Found Cyesue's Jewellery Emporium.
   591 | D        | Found Calimnio's Distillery.
   593 | D        | Found Geuf's Gadget Shoppe.
   593 | D        | Found Ismued's Antique Weapon Emporium.
   594 | D        | Found Bolamani's Food Emporium.
   594 | D        | Found Zenem's Jewellery Shoppe.
   595 | D        | Found Hobiaru's Jewellery Emporium.
   595 | D        | Found Qiotue's Distillery.
   595 | D        | Noticed a slime creature
   596 | D        | Found Bitij's Jewellery Shoppe.
   599 | D        | Found Peabb's Magic Scroll Shoppe.
   599 | D        | Found Zugoed's Antique Weapon Emporium.
   599 | D        | Noticed a slime creature
   599 | D        | Noticed a slime creature
   599 | D        | Noticed an oklob plant
   600 | D        | Found Caytham's Antique Armour Shoppe.
   600 | D        | Found Wiump's Book Shoppe.
   601 | D        | Noticed a hell hog
   602 | D        | Noticed a hell hog
   605 | D        | Noticed a great orb of eyes
   635 | D        | Bought a scorched rapier for 180 gold pieces
   635 | D        | Identified the +8 rapier of Desperation {venom, rN+ MR+ Str+3} (You bought it in a shop in the Dungeon)
   670 | D        | Found an iron altar of Okawaru.
   670 | D        | Found a radiant altar of Vehumet.
   670 | D        | Found a glowing silver altar of Zin.
   672 | D        | Found a sparkling altar of Nemelex Xobeh.
   672 | D        | Found a hide-covered altar of Uskayaw.
   673 | D        | Found an opulent altar of Gozag.
   673 | D        | Found a burning altar of Makhleb.
   673 | D        | Found a bloodstained altar of Trog.
   674 | D        | Found a blossoming altar of Fedhas.
   674 | D        | Found a corrupted altar of Lugonu.
   674 | D        | Found a basalt altar of Yredelemnul.
   674 | D        | Found a deep blue altar of Sif Muna.
   675 | D        | Found a white marble altar of Elyvilon.
   675 | D        | Found an ancient bone altar of Kikubaaqudgha.
   676 | D        | Found a shadowy altar of Dithmenos.
   676 | D        | Found a viscous altar of Jiyva.
   677 | D        | Found a snail-covered altar of Cheibriados.
   679 | D        | Found a roughly hewn altar of Beogh.
   679 | D        | Found a shimmering altar of Xom.
   679 | D        | Found a sacrificial altar of Ru.
   679 | D        | Found a hazy altar of Hepliaklqana.
   679 | D        | Noticed a hornet
   679 | D        | Noticed a polar bear
   680 | D        | Found a glowing golden altar of the Shining One.
   680 | D        | Found an ornate altar of the Wu Jian Council.
   680 | D        | Found a stormy altar of Qazlal.
   680 | D        | Noticed a yaktaur
   685 | D        | Became a worshipper of Dithmenos the Shadowed
   691 | D        | Noticed a polar bear
   692 | D        | Noticed a polar bear
   699 | D        | Killed a polar bear
   702 | D        | Killed a hornet
   702 | D        | Reached skill level 10 in Spellcasting
   706 | D        | Killed a polar bear
   706 | D        | Reached * piety under Dithmenos
   706 | D        | Reached skill level 13 in Stealth
   724 | D        | Killed a yaktaur
   724 | D        | Reached skill level 5 in Fighting
   735 | D        | Killed a polar bear
   735 | D        | Reached XP level 9. HP: 38/47 MP: 17/24
   811 | D        | Noticed a death drake
   813 | D        | Noticed a death yak
   814 | D        | Noticed a death drake
   818 | D        | Noticed a crystal guardian
   835 | D        | Killed from afar by a death drake

Vault maps used:
D:        the_violet_keep_of_menkaure

Skill      XL: |  1  2  3  4  5  6  7  8 |
---------------+-------------------------+-----
Fighting       | 1 2 3 4 5 |  5.1
Short Blades   | 3 5 6 7 8 9 |  9.6
Armour         | 1 2 3 4 |  4.5
Dodging        | 5 7 8 10 11 12 | 12.4
Stealth        | 7 8 10 11 12 13 | 13.7
Spellcasting   | 5 6 7 8 9 10 | 10.7
Hexes          | 4 5 6 7 8 |  8.3

Action                   |  1- 3 |  4- 6 |  7- 9 || total
-------------------------+-------+-------+-------++-------
Melee: Dagger            |     7 |    25 |     7 ||    39
       Rapier            |       |       |    29 ||    29
 Cast: Corona            |     2 |       |       ||     2
       Confuse           |       |     4 |     7 ||    11
       Dazzling Spray    |       |     3 |       ||     3
       Ensorcelled Hiber |       |    10 |     6 ||    16
  Use: Potion            |     1 |       |     3 ||     4
 Stab: Confused          |       |     3 |     3 ||     6
       Sleeping          |       |     7 |     3 ||    10
Armor: Robe              |       |     1 |     2 ||     3
Dodge: Dodged            |     5 |    20 |    46 ||    71

Table legend:
 A = Spawn XP
 B = Non-spawn XP
 C = Spawn XP percentage of total XP
 D = Spawn monster count
 E = Non-spawn monster count
 F = Spawn count percentage of total count
 G = Total turns spent on level
                    A         B        C        D         E        F      G
               +---------+---------+-------+---------+---------+-------+---------
         Total |       0 |    2918 |   0.0 |       0 |      20 |   0.0 |   835
               +---------+---------+-------+---------+---------+-------+---------
             D |       0 |    2918 |   0.0 |       0 |      20 |   0.0 |   835
               +---------+---------+-------+---------+---------+-------+---------
